 Dungeon Crawl Stone Soup version 0.30.0-10-gfe55d96785 (webtiles) character file.

Game seed: 12645379688820676013

13 SnakkuSnakku7 the Stinger (level 2, -4/13 HPs)
             Began as a Vine Stalker Venom Mage on May 14, 2023.
             Slain by a quokka (5 damage)
             ... on level 1 of the Dungeon.
             The game lasted 00:00:28 (165 turns).

SnakkuSnakku7 the Stinger (Vine Stalker Venom Mage)  Turns: 165, Time: 00:00:28

Health: -4/13      AC:  2    Str: 10    XL:     2   Next: 37%
Magic:  0/6        EV: 12    Int: 15    God:
Gold:   7          SH:  0    Dex: 14    Spells: 4/5 levels left

rFire   . . .        f - +0 trident
rCold   . . .        (no shield)
rNeg    . . .        a - +0 robe
rPois   .            (no helmet)
rElec   .            (no cloak)
rCorr   .            (no gloves)
SInv    .            (no boots)
Will    .....        (no amulet)
Stlth   ++           (no ring)
HPRegen 0.22/turn    (no ring)
MPRegen 0.10/turn

%: guardian spirit
@: no status effects
A: fangs 2, magic shield, antimagic bite, no potion heal 2
a: no special abilities


You were on level 1 of the Dungeon.
You visited 1 branch of the dungeon, and saw 1 of its levels.

You collected 7 gold pieces.

Inventory:

Hand Weapons
 f - a +0 trident (weapon)
Armour
 a - a +0 robe (worn)
Scrolls
 c - a scroll of fog {unknown}
 e - a scroll of vulnerability {unknown}
 g - a scroll of identify {unknown}
Potions
 b - a potion of magic
 d - a potion of cancellation {unknown}


   Skills:
 - Level 1.5 Dodging
 - Level 2.4 Stealth
 - Level 2.1 Spellcasting
 - Level 1.0 Transmutations
 + Level 3.7 Poison Magic


You had 4 spell levels left.
You knew the following spells:

 Your Spells              Type           Power      Damage    Failure   Level
a - Sting                 Tmut/Pois      32%        1d4       9%          1

Your spell library contained the following spells:

 Spells                   Type           Power      Damage    Failure   Level
 Poisonous Vapours        Pois/Air       14%        N/A       16%         2
 Mephitic Cloud           Conj/Pois/Air  5%         N/A       36%         3
 Olgreb's Toxic Radiance  Pois           12%        N/A       43%         4


Dungeon Overview and Level Annotations

Branches:
Dungeon (1/15)

Altars:


Innate Abilities, Weirdness & Mutations

You have extremely sharp teeth.
When hurt, damage is shared between your health and your magic reserves.
Your bite disrupts and absorbs the magic of your enemies.
Potions cannot restore your health.


Message History

The goblin is heavily wounded.
The goblin barely misses you.
You barely miss the goblin.
The goblin is heavily wounded.
The goblin hits you with a +0 dagger. x2
The quokka attacks as you move away! The quokka misses you.
The goblin attacks as you move away! The goblin completely misses you.
You see here a giant cockroach corpse.
The quokka barely misses you. The quokka attacks as you move away!
The quokka closely misses you.
The sting misses the quokka.
The sting misses the goblin.
The sting misses the hobgoblin.
The quokka bites you but does no damage.
You miscast Sting.
You are very lightly contaminated with residual magic.
Nothing appears to happen.
The quokka bites you. x2
* * * LOW HITPOINT WARNING * * *
You are too injured to fight recklessly!
You closely miss the quokka. The quokka barely misses you.
You hit the quokka.
The quokka is almost dead.
The quokka bites you.
* * * LOW HITPOINT WARNING * * *
The quokka closely misses you.
You barely miss the quokka.
The quokka is almost dead.
The quokka closely misses you.
You completely miss the quokka. Your bite misses the quokka.
The quokka is almost dead.
The quokka bites you.
* * * LOW HITPOINT WARNING * * *
The quokka barely misses you.
You barely miss the quokka. Your bite misses the quokka.
The quokka is almost dead.
The quokka closely misses you.
Your magical contamination has completely faded away.
You closely miss the quokka. Your bite misses the quokka.
The quokka is almost dead.
The quokka bites you.
You die...

##.###...............#
.....................###
.......................#..
..............#...........
..........................
.......##..#.###.#.###.##
.......#......##.#.#
.......#...#.....#.#
.......#....#.##@#.#
+###.#......#.##r#.##..##
.............g......... .
......#..##.#..#.. .
(......†###.#..# .
................. .
........######. ..
.......)# . ........#


You could see a quokka and a goblin.

Vanquished Creatures
  3 ball pythons (D:1)
  2 giant cockroaches (D:1)
  2 goblins (D:1)
  A quokka (D:1)
  A kobold (D:1)
  2 rats (D:1)
11 creatures vanquished.

Notes
Turn   | Place    | Note
-------+----------+-------------------------------------------
     0 | D:1      | SnakkuSnakku7 the Vine Stalker Venom Mage began the quest
                  | for the Orb.
     0 | D:1      | Reached XP level 1. HP: 9/9 MP: 4/4
    94 | D:1      | Reached XP level 2. HP: 7/13 MP: 3/6
   165 | D:1      | Slain by a quokka

Illustrated notes

Levels and vault maps discovered:
D:1:      eino_arrival_water_cross, layout_basic, st_stairs_1

Action                     || total
---------------------------++-------
  Melee: Unarmed           ||    12
         Bite              ||     8
         Trident           ||    31
   Cast: Sting             ||     5
 Armour: Robe              ||     8
  Dodge: Dodged            ||    41
